Cogmind - Beta 17.1 @@@ ROGUE MODE // 2026.09.06 @ 19:52:56 Player: Alicianrone Result: Destroyed by G-67 Veteran with Plasma Rifle Performance ------------- Evolutions (6) 3000 Regions Visited (22) 4400 Robots Destroyed (267) 1335 Value Destroyed (8365) 8365 Prototype IDs (70) 1400 Alien Tech Used (0) 0 Bonus (11345) 11345 TOTAL SCORE: 29845 Bonus ------- High Alert Combat Kills 1095 Follower Combat Kills 4578 Hunted by Unchained 500 Destroyed Unchained 1000 Network Hubs Disabled 400 Registered with UFD 300 Met Optimus in HQ 500 Met Imprinter 300 Destroyed Z-Imprinter 1000 Met Zhirov 300 Built Enhanced Grunts 300 A7 Reached Mainframe 300 Met R17 at Cetus 500 Read Decrypted Archives 300 Friendly Fire -28 Cogmind --------- Core Integrity 0/1150 Matter 202/300 Energy 89/100 System Corruption 2% Temperature Cool (33) Movement Core (50) Location -4/Factory Parts ------- > --- POWER (1) -------- (None) > --- PROPULSION (6) --- (None) > --- UTILITY (9) ------ Advanced Visual Processing Unit Transport Network Coupler Advanced Melee Analysis Suite Core Analyzer Authchip [Propulsion] > --- WEAPON (3) ------- (None) > --- INVENTORY (5) ---- Surveybot 24 Scanner Surveybot 24 Chip Phasing AFG Force Lance Peak State ------------ > --- POWER ------------ Reinforced Quantum Reactor > --- PROPULSION ------- DW-4LL's Griptreads DW-4LL's Griptreads Biomechanical Wings > --- UTILITY ---------- Advanced Cooling System Large Storage Unit Spectral Analyzer Experimental Armor Integrity Analyzer DW-4LL's Blast Wall > --- WEAPON ----------- Advanced KE Penetrator Advanced KE Penetrator Overtuned Railgun > --- INVENTORY -------- Advanced Matter Compressor Advanced Sensor Array Surveybot 24 Scanner Surveybot 24 Chip Weapon Mount Experimental Weapon Cycler Centrium Medium Armor Plating Authchip [Weapon] Improved Trap Extractor Phasing AFG Overtuned Railgun Overtuned Railgun DW-4LL's Megashotty Improved Plasma Cutter Thermal Lance [Rating: 152] Favorites ----------- Power Light Angular Momentum Engine Engine Light Angular Momentum Engine Power Core Light Fission Core Reactor Zionite Light DM Reactor Propulsion Cooled Cesium-ion Thruster Treads Light Treads Leg Zionite Composite Leg I Wheel Armored Wheel Hover Unit Backup Propulsion I Flight Unit Cooled Cesium-ion Thruster Utility Large Storage Unit Device Gravity Neutralizer Storage Large Storage Unit Processor Spectral Analyzer Hackware Hacking Suite Protection Hardened Light Armor Plating Weapon Improved Assault Rifle Energy Gun Improved EM Shotgun Energy Cannon Cooled Particle Cannon Ballistic Gun Improved Assault Rifle Ballistic Cannon Flak Cannon Launcher Heavy Rocket Launcher Special Weapon Improved Plasma Cutter Impact Weapon Heavy Flail Slashing Weapon Phasing Sabre Piercing Weapon Thermal Lance Special Melee Weapon Improved Datajack Build | -11 -10 -10 -9 -9 -9 -9 -6 -6 -6 -6 -6 -6 -6 -5 -5 -5 -5 -5 -5 -5 -5 -4 ------- Run | Yrd Mat Min Mat Sto Rec Scr Fac Was Fac Low Low Zio Dee Pro Fac Was Fac Ext Cet Arc Hub Fac Slots Evolved 12 | . . . 2 . . . 6 . . . . . . . 2 . . . . . . 2 Power . | . . . . . . . . . . . . . . . . . . . . . . . Propulsion 4 | . . . . . . . 3 . . . . . . . . . . . . . . 1 Utility 7 | . . . 1 . . . 3 . . . . . . . 2 . . . . . . 1 Weapon 1 | . . . 1 . . . . . . . . . . . . . . . . . . . Parts Attached 235 | 7 13 2 27 13 1 8 18 1 18 4 3 3 16 3 29 3 9 15 6 7 5 24 Power 18 | 1 2 . 3 1 . . 3 . 1 . . . 1 . 1 . . . 2 1 . 2 Engine 8 | 1 1 . 3 1 . . 1 . . . . . . . . . . . . . . 1 Core 5 | . 1 . . . . . 2 . 1 . . . . . . . . . . . . 1 Reactor 5 | . . . . . . . . . . . . . 1 . 1 . . . 2 1 . . Propulsion 48 | 2 3 . 7 3 . 1 6 1 9 . . . 3 1 3 . . 3 . 2 . 4 Treads 12 | . 3 . 5 1 . . . . . . . . . . . . . . . 2 . 1 Leg 2 | . . . . . . . . . . . . . 2 . . . . . . . . . Wheel 10 | 2 . . 2 2 . 1 . . . . . . . . . . . 2 . . . 1 Hover 1 | . . . . . . . . . . . . . 1 . . . . . . . . . Flight 23 | . . . . . . . 6 1 9 . . . . 1 3 . . 1 . . . 2 Utility 100 | 2 3 . 6 3 1 3 8 . 6 4 2 1 7 2 15 2 2 8 3 2 5 15 Device 39 | 1 . . 1 1 . . 2 . 2 1 1 1 3 2 8 2 2 4 . . 3 5 Storage 12 | 1 2 . 1 . . 1 1 . 1 1 . . 2 . 1 . . 1 . . . . Processor 14 | . . . . . . . 2 . 1 . 1 . . . 1 . . 1 . 1 . 7 Hackware 12 | . 1 . . . . 1 2 . 1 . . . . . 5 . . . . . 1 1 Protection 23 | . . . 4 2 1 1 1 . 1 2 . . 2 . . . . 2 3 1 1 2 Artifact . | . . . . . . . . . . . . . . . . . . . . . . . Weapon 69 | 2 5 2 11 6 . 4 1 . 2 . 1 2 5 . 10 1 7 4 1 2 . 3 Energy Gun 6 | . 1 . 1 . . . . . . . . . 3 . 1 . . . . . . . Energy Cannon 8 | . 2 . . . . 1 1 . . . . . 1 . 1 . 1 . . . . 1 Ballistic Gun 27 | 2 2 . 5 3 . 1 . . . . . . . . 5 . 3 4 1 1 . . Ballistic Cannon 3 | . . 2 1 . . . . . . . . . . . . . . . . . . . Launcher 5 | . . . 2 . . . . . 1 . . . . . . 1 1 . . . . . Special Weapon 8 | . . . 1 1 . 1 . . . . . . 1 . 1 . 2 . . 1 . . Impact Weapon 3 | . . . . 1 . . . . 1 . . . . . 1 . . . . . . . Slashing Weapon 3 | . . . . . . . . . . . 1 1 . . 1 . . . . . . . Piercing Weapon 4 | . . . . . . 1 . . . . . 1 . . . . . . . . . 2 Special Melee Weapon 2 | . . . 1 1 . . . . . . . . . . . . . . . . . . Unidentified Prototypes 42 | . . . 3 . . . 3 . 1 1 . 1 14 . 8 1 4 . 2 3 . 1 Corrupted Parts 4 | . . . . . . . . . 1 . . . . . 1 1 . . . 1 . . System Corruption 19 | . . . . . . . . . 2 . . . . . 3 4 . . . 10 . . Parts Lost 50 | . 6 1 4 . . 2 3 . 2 1 . . . 1 2 . . 3 . . 10 15 Power 7 | . 2 . 1 . . 1 . . 1 . . . . . . . . . . . . 2 Propulsion 14 | . . 1 1 . . . 1 . . . . . . 1 1 . . 1 . . 3 5 Utility 19 | . 1 . 1 . . . 1 . 1 1 . . . . . . . 2 . . 6 6 Weapon 10 | . 3 . 1 . . 1 1 . . . . . . . 1 . . . . . 1 2 Highest Loss Streak 8 | . 2 1 2 . . 1 1 . 2 1 . . . 1 1 . . 3 . . 8 5 To Critical Strikes . | . . . . . . . . . . . . . . . . . . . . . . . Average Backups 15 | 3 8 10 17 23 24 22 8 8 9 13 13 13 12 14 13 12 12 14 15 13 11 4 Power . | . . 1 1 . 1 . . . . . . . . 1 . . . . . . . . Propulsion 2 | 1 2 1 2 5 7 5 . . 1 2 2 2 2 1 . 1 1 1 . . . . Utility 7 | . 1 2 6 8 9 9 4 5 4 8 8 8 8 9 7 6 5 7 9 8 6 3 Weapon 4 | 1 3 3 6 6 5 4 2 3 3 3 3 3 2 2 4 5 5 4 4 4 3 1 Tool/Special . | . . . . . . . . . . . . . . . . . . . . . . . Unused Backups 109 | . 2 3 10 3 . 28 1 . 3 2 . 1 16 . 11 . 19 2 1 4 2 1 Power 14 | . . . 1 . . 2 . . 2 1 . . 2 . 2 . 4 . . . . . Propulsion 24 | . . . 2 1 . 7 . . . . . . 3 . 3 . 8 . . . . . Utility 50 | . . 1 4 . . 15 . . 1 1 . 1 9 . 5 . 5 1 . 4 2 1 Weapon 19 | . 2 2 3 2 . 3 . . . . . . 2 . 1 . 2 1 1 . . . Tool/Special 2 | . . . . . . 1 1 . . . . . . . . . . . . . . . Average Slot Usage (%) 90 | . 98 99 99 99 100 91 76 91 92 92 93 97 92 93 88 94 92 81 81 72 58 50 Engine 5 | . 8 . 10 11 11 10 1 . . . . . . . . . . . . . . 1 Core 1 | . 5 14 . . . . 2 6 5 6 6 6 1 . . . . . . . . 1 Reactor 1 | . . . . . . . . . . . . . 4 6 5 5 5 5 5 5 4 . Treads 1 | . 5 12 6 . . . . . . . . . . . . . . . . 9 9 2 Wheel 10 | . 22 15 15 21 22 21 . . . . . . . . . . . 9 11 2 . 2 Flight 12 | . . . . . . . 28 31 32 33 33 33 33 33 28 29 29 7 5 5 4 . Device 7 | . 1 . . . . . 4 13 12 16 20 20 15 20 18 22 22 19 17 11 9 4 Storage 8 | . 14 14 11 11 11 11 6 6 6 6 6 6 6 6 5 5 5 5 5 5 4 . Processor 5 | . . . . . . . 7 13 13 13 13 13 13 13 10 11 11 6 5 5 4 21 Hackware 6 | . 11 14 11 11 11 11 10 6 6 2 . . . . 4 5 3 . . . . . Protection 4 | . . . 10 10 11 4 3 . . . . . 2 . . . . 5 10 6 3 3 Energy Cannon 2 | . 9 7 . . . 2 1 6 5 5 6 5 . . . . . . . . . . Ballistic Gun 14 | . 14 7 23 31 33 26 . . . . . . 1 . 4 6 3 15 16 13 12 . Ballistic Cannon 1 | . . 12 8 . . . . . . . . . . . . . . . . . . . Impact Weapon 2 | . . . . . . 1 6 6 5 6 6 6 5 6 4 5 5 . . . . . Peak Build Rating 152 | 7 12 18 26 30 30 37 67 72 88 83 85 95 94 93 106 116 113 114 123 152 151 70 Average Rating 54 | 5 10 14 24 27 30 28 49 70 78 80 80 84 85 86 95 106 103 109 119 142 119 43 On Entrance 64 | . 7 11 18 26 30 30 30 64 72 80 81 81 88 86 87 98 106 104 108 122 146 4 Avg Prop Armor Cover (%) 8 | . . 10 7 . . . 3 3 3 . . . . . . . . 1 . . . 22 Naked Turns 67 | . . . . . . . . . . . . . . . . . . . . . 44 23 Heaviest Build 138 | 13 31 36 104 104 103 104 31 28 44 42 45 46 46 42 54 45 45 71 82 138 138 20 Greatest Support 140 | 26 40 26 40 24 24 28 40 35 50 42 42 42 42 44 51 45 45 45 40 140 140 23 Greatest Overweight (x) 10 | . 1 3 10 5 4 8 1 . 1 1 1 1 1 . 1 . . 2 2 2 2 3 Average Overweight (x) 1 | . . 2 4 4 4 3 . . . . . . . . . . . . 1 . . . Largest Inventory Capacity 25 | 8 15 15 25 25 25 25 15 10 15 15 15 15 15 15 15 15 15 15 15 15 15 5 Average Capacity 17 | 7 11 15 21 25 25 23 10 10 12 15 15 15 15 15 15 15 15 15 15 15 13 5 Most Carried 25 | 5 10 15 25 25 25 25 15 10 15 15 15 15 15 15 15 15 15 15 15 15 15 5 Average Carried 16 | 3 8 11 18 24 24 22 10 10 11 14 15 14 13 14 14 14 14 14 14 14 12 4 Final Capacity 25 | 8 15 15 25 25 25 15 10 10 15 15 15 15 15 15 15 15 15 15 15 15 5 5 Final Carried 25 | 5 8 15 25 25 24 15 10 10 15 15 15 15 15 14 15 15 14 15 15 15 5 4 Scrap Suit Usage (%) 4 | . . . . . . . . . . . . . . . 12 . . 79 . . . . Parts Cannibalized 1 | . . . . . . . . . . . . . . . . . . 1 . . . . Class Distribution -------------------- 12% | Commander-Tank 12% | Mutant 10% | Commander-Gunner 10% | Commander-Scout 8% | Tank 6% | Trapper-Assassin 5% | Commander-Assassin 5% | Scout 5% | Trapper-Tank 4% | Commander-Scrapper 4% | Trapper-Scout 3% | Scavenger-Tank Dominant Class ---------------- Mutant | -10/Materials Mutant | -10/Mines Tank | -9/Materials Trapper-Tank | -9/Storage Commander-Tank | -9/Recycling Commander-Gunner | -9/Scraptown Trapper-Sprinter | -6/Factory Trapper-Scout | -6/Waste Trapper-Scout | -6/Factory Commander-Assassin | -6/Lower Caves Trapper-Assassin | -6/Lower Caves Trapper-Assassin | -6/Zion Commander-Scout | -6/Deep Caves Commander-Scout | -5/Proximity Caves Scout | -5/Factory Scout | -5/Waste Commander-Scout | -5/Factory Commander-Scrapper | -5/Extension Commander-Scrapper | -5/Cetus Commander-Tank | -5/Archives Scavenger-Mutant | -5/Hub_04(d) Mutant | -4/Factory Resources | -11 -10 -10 -9 -9 -9 -9 -6 -6 -6 -6 -6 -6 -6 -5 -5 -5 -5 -5 -5 -5 -5 -4 ----------- Run | Yrd Mat Min Mat Sto Rec Scr Fac Was Fac Low Low Zio Dee Pro Fac Was Fac Ext Cet Arc Hub Fac Matter Collected 9000 | 260 455 106 1181 939 76 310 246 . 454 227 227 60 355 110 716 188 430 971 107 275 479 828 Remotely . | . . . . . . . . . . . . . . . . . . . . . . . Salvage Created 11910 | 41 806 103 1266 1298 110 . 772 . 347 82 38 . 154 23 1441 648 1406 1272 . 152 1154 797 Parts 548 | 4 38 16 105 103 3 . 15 . 13 6 . . 9 3 46 17 38 32 . 17 59 24 Haulers Intercepted 31 | . 2 . 6 6 . . 4 . 1 1 . . . . 7 . 4 . . . . . Recyclers Shooed 10 | . 4 . 1 2 . . . . . . . . . . 1 . 1 1 . . . . Parts Field Recycled . | . . . . . . . . . . . . . . . . . . . . . . . Retrieved Matter . | . . . . . . . . . . . . . . . . . . . . . . . Parts Self-Destructed 56 | . . . . . . . . . . 14 10 3 . 29 . . . . . . . . Prevented 1 | . . . . . . . . . . . . . . 1 . . . . . . . . Parts Restored . | . . . . . . . . . . . . . . . . . . . . . . . Kills | -11 -10 -10 -9 -9 -9 -9 -6 -6 -6 -6 -6 -6 -6 -5 -5 -5 -5 -5 -5 -5 -5 -4 ------- Run | Yrd Mat Min Mat Sto Rec Scr Fac Was Fac Low Low Zio Dee Pro Fac Was Fac Ext Cet Arc Hub Fac Combat Hostiles Destroyed 175 | . 20 8 37 22 2 . 6 . 6 . . . 1 1 13 2 7 15 . . 18 17 Melee 18 | . . . . . . . 2 . 3 . . . . 1 5 . 2 1 . . . 4 Guns 89 | . 15 2 9 22 2 . . . . . . . 1 . 2 2 . 12 . . 17 5 Cannons 34 | . 4 6 24 . . . . . . . . . . . . . . . . . . . AOE 17 | . . . 4 . . . 3 . 3 . . . . . 4 . 3 . . . . . Classes Destroyed 22 | 1 5 . 3 . . . 2 . 1 . 1 . 2 . 1 1 . 3 . 1 1 . Worker 11 | . . . 5 2 . . 1 . 1 . . . . . 2 . . . . . . . Builder 4 | . . . 1 . . . . . . . . . . . . . 2 . . . 1 . Tunneler 5 | 2 . . 1 . . . . . . . . . . . 1 . . . . . 1 . Hauler 31 | . 2 . 6 6 . . 4 . 1 1 . . . . 7 . 4 . . . . . Recycler 9 | . . . . . . . 1 . . . . . . . 1 . 4 1 . . . 2 Minesweeper 1 | . . . . . . . . . . . 1 . . . . . . . . . . . Operator 7 | . 1 . 1 1 . . . . 1 . . . . . . . . 2 . . . 1 Watcher 22 | . 2 . 4 2 . . 1 . 2 . . . . . 6 . 1 1 . . 2 1 Swarmer 56 | . 6 8 18 4 . . 3 . 4 . . . . 1 5 . . . . . 3 4 Saboteur 2 | . . . . . . . . . . . . . . . 2 . . . . . . . Grunt 64 | . 14 . 10 8 . . 2 . 1 . . . . . 3 . 6 8 . . 6 6 Brawler 3 | . . . . . . . . . . . . . . . . . . 2 . . . 1 Duelist 2 | . . . . . . . 1 . . . . . . . . . . . . . 1 . Protector 1 | . . . . . . . . . . . . . . . . . . . . . 1 . Sentry 30 | . . . 9 10 2 . . . . . . . . . 2 . . 3 . . 2 2 Hunter 3 | . . . . . . . . . . . . . . . . . . 1 . . . 2 Programmer 9 | . . . . . . . . . 1 . . . . . 1 . 1 . . . 4 2 Behemoth 1 | . . . . . . . . . . . . . . . . . . 1 . . . . Compactor 2 | . . . . . . . . . . . . . . . . 2 . . . . . . Lightning 1 | . . . . . . . . . . . . . . . . . . . . . 1 . Scrapoid 2 | . . . . . . . . . . . . . 1 . . . 1 . . . . . Botcube 1 | . . . . . . . . . . . . . . . . . . . . 1 . . Z-Light 1 | . . . . . . . . . . . . . 1 . . . . . . . . . Best Kill Streak 14 | 1 4 3 14 8 1 . 4 . 4 1 1 . 1 1 6 2 4 4 . . 6 6 Combat Bots Only 8 | . 4 3 8 4 1 . 3 . 3 . . . 1 1 5 2 3 3 . . 5 6 Max Kills in Single Turn 6 | 1 2 1 6 2 1 . 3 . 2 1 1 . 1 1 4 1 2 2 . 1 2 1 Gunslinging 1 | . 1 . . 1 . . . . . . . . . . . . . . . . . . Exploded 4 | . . . 4 . . . 3 . 1 . . . . . 4 . 2 . . . . . Melee 1 | . . . . . . . 1 . 1 . . . . 1 1 . 1 1 . . . 1 Uniques/NPCs Destroyed 2 | . . . . . . . . . . . . . 1 . . . 1 . . . . . Z-Imprinter (-6/Deep Caves) DW-4LL (-5/Factory) Combat | -11 -10 -10 -9 -9 -9 -9 -6 -6 -6 -6 -6 -6 -6 -5 -5 -5 -5 -5 -5 -5 -5 -4 -------- Run | Yrd Mat Min Mat Sto Rec Scr Fac Was Fac Low Low Zio Dee Pro Fac Was Fac Ext Cet Arc Hub Fac Hostile Shots Fired 1131 | . 101 14 132 65 9 34 125 . 116 11 . . 1 11 61 . 13 33 . . 188 217 Missed 388 | . 12 5 34 16 4 9 66 . 60 7 . . 1 9 28 . 7 13 . . 25 92 Hits 743 | . 89 9 98 49 5 25 59 . 56 4 . . . 2 33 . 6 20 . . 163 125 Melee 17 | . . . . . . 2 . . . . . . . . . . . 1 . . 14 . Projectile 726 | . 89 9 98 49 5 23 59 . 56 4 . . . 2 33 . 6 19 . . 149 125 AOE 2 | . . . . . . . . . . . . . . . . . . . . . 1 1 Critical Strikes 31 | . . 1 . 2 1 1 1 . 1 . . . . . 3 . . 1 . . 19 1 Damage Taken 14497 | . 1002 68 999 639 66 481 679 . 857 46 . . . 56 814 . 152 386 . . 5584 2668 Core 3109 | . 185 15 104 94 18 118 148 . 303 . . . . . 77 . . 57 . . 821 1169 Absorbed by Shields 166 | . . . . . . . 41 . . . . . . . 30 . . 95 . . . . Reduced by Siege Mode 155 | . . . . . . . . . . . . . . . . . . . . . 155 . Regen/Repaired (Parts) 371 | . . . . . . . 37 . 187 . . . . . 124 . 22 1 . . . . Core Remaining (%) 37 | 100 . 20 . . . 16 . . . . . . . 46 . . . . . . 4 . Volleys Fired 562 | 15 106 12 103 63 4 1 2 . 16 2 2 . 7 2 38 25 4 32 . 14 62 52 Largest 3 | 2 2 2 3 3 3 1 1 . 1 1 1 . 1 1 2 2 1 3 . 3 3 2 Hottest 113 | 40 85 80 100 69 69 . 90 . 90 40 90 . 40 40 60 60 39 113 . 100 110 60 Shots Fired 999 | 30 187 21 151 183 12 1 3 . 17 2 3 . 6 2 51 35 5 91 1 34 102 62 Gun 854 | 30 166 9 72 183 12 . . . . 1 . . 4 2 49 35 2 90 1 34 102 62 Cannon 130 | . 21 12 76 . . . 3 . 14 1 3 . . . . . . . . . . . Launcher 9 | . . . 2 . . . . . 3 . . . . . 2 . 2 . . . . . Special 6 | . . . 1 . . 1 . . . . . . 2 . . . 1 1 . . . . Kinetic 836 | 30 131 12 148 183 12 . . . . 1 . . 4 2 49 35 2 90 1 34 102 . Thermal 107 | . 56 9 1 . . . 3 . 14 1 3 . . . . . . . . . . 20 Explosive 9 | . . . 2 . . . . . 3 . . . . . 2 . 2 . . . . . Electromagnetic . | . . . . . . . . . . . . . . . . . . . . . . . Impact 42 | . . . . . . . . . . . . . . . . . . . . . . 42 Robot Hit Streak 45 | 5 11 7 15 22 11 2 3 . . 1 . . 4 . 12 33 6 12 11 18 34 45 Robot Miss Streak 9 | 2 3 4 9 3 1 . . . 2 . . . 2 . 1 1 . 1 . 1 8 7 Penetration Max 2 | . . . . . . . . . . . . . . . 1 1 1 2 . . 2 . Secondary Targets 14 | . 4 . . 2 . . . . . . . . . . . 1 . 4 . . 3 . Max Gunslinging Chain 1 | . 1 . . 1 . . . . . . . . . . . 1 . 1 . . 1 . Shots Hit Robots 856 | 19 125 12 123 129 9 1 21 . 9 2 1 . 7 4 53 34 34 80 1 31 83 78 Core Hits 439 | 5 49 11 119 52 3 1 7 . 7 2 . . 3 1 20 7 11 34 1 10 47 49 Critical Kills 17 | . . . . . . . . . . . . . . . 1 . 1 4 . 1 8 2 Critical Parts Destroyed 36 | . . . 2 . . . 3 . 1 . . . . . 12 . 2 5 . 3 8 . Critical Strikes 58 | . . . 3 . . . 3 . 1 . . . . . 13 1 3 9 . 4 17 4 Meltdown 2 | . . . . . . . . . . . . . . . . . . . . . . 2 Destroy 38 | . . . 3 . . . . . . . . . . . 6 1 . 7 . 4 17 . Smash 16 | . . . . . . . 3 . 1 . . . . . 7 . 3 2 . . . . Impale 2 | . . . . . . . . . . . . . . . . . . . . . . 2 Melee Attacks 257 | . . . . 1 . 6 42 . 45 2 4 1 5 9 57 . 34 11 1 3 7 29 Thermal 51 | . . . . . . 2 . . 2 . . . . . . . 8 6 1 3 7 22 Impact 174 | . . . . 1 . 4 42 . 43 2 4 . . 3 44 . 26 5 . . . . Slashing 25 | . . . . . . . . . . . . 1 5 6 13 . . . . . . . Piercing 7 | . . . . . . . . . . . . . . . . . . . . . . 7 Sneak Attacks 40 | . . . . . . . 7 . 3 1 1 . 2 1 8 . 11 1 . 3 . 2 Combat Hostiles 5 | . . . . . . . . . 1 . . . . 1 1 . . 1 . . . 1 Follow-up Attacks 2 | . . . . . . . . . . . . . . . 1 . 1 . . . . . Damage Inflicted 29402 | 148 1387 204 2517 2069 140 13 1737 . 939 75 144 . 391 325 3297 1025 3380 3021 48 1093 3069 4380 Guns 15551 | 148 1134 49 829 2056 140 . . . . 24 . . 69 . 840 1025 80 2541 48 699 2782 3087 Cannons 1784 | . 246 155 1383 . . . . . . . . . . . . . . . . . . . Explosions 1918 | . . . 305 . . . 490 . 365 . . . . . 382 . 376 . . . . . Melee 10111 | . . . . . . . 1247 . 574 51 144 . 322 325 2075 . 2924 480 . 394 282 1293 Ramming 38 | . 7 . . 13 . 13 . . . . . . . . . . . . . . 5 . Kinetic 13551 | 148 769 118 2212 2056 140 . . . . 24 . . 69 . 840 1025 80 2541 48 699 2782 . Thermal 4094 | . 611 86 . . . . . . 162 . . . . . . . 1141 225 . 394 282 1193 Explosive 1918 | . . . 305 . . . 490 . 365 . . . . . 382 . 376 . . . . . Electromagnetic . | . . . . . . . . . . . . . . . . . . . . . . . Impact 8581 | . . . . . . . 1247 . 412 51 144 . . 264 1498 . 1783 255 . . . 2927 Slashing 960 | . . . . . . . . . . . . . 322 61 577 . . . . . . . Piercing 260 | . . . . . . . . . . . . . . . . . . . . . . 260 Highest Corruption 55 | . . . . . . . 3 10 14 14 14 14 . . 3 17 17 12 12 22 55 2 Average Corruption 11 | . . . . . . . 1 7 12 14 14 14 . . 2 12 12 12 12 19 24 1 Corruption Purged 19 | . . . . . . . . . . . . . . . 3 . 5 . . . 11 . Corruption Blocked . | . . . . . . . . . . . . . . . . . . . . . . . Effects 308 | . . . . . . . 8 1 51 41 45 . . . 19 4 27 50 12 11 38 1 Message Errors 64 | . . . . . . . . . 13 8 8 . . . 4 2 7 11 3 2 6 . Matter Fused 76 | . . . . . . . 1 . 10 10 16 . . . 6 . 6 13 4 3 7 . Heat Flow Errors 40 | . . . . . . . 2 . 4 8 5 . . . 4 . 4 5 3 1 4 . Energy Discharges 33 | . . . . . . . 1 . 6 6 7 . . . . . 2 8 . 1 2 . Parts Rejected 5 | . . . . . . . 1 . 2 . . . . . . . 1 1 . . . . Parts Fused 4 | . . . . . . . . . . . 2 . . . 1 . . . . 1 . . Data Loss (minor) 25 | . . . . . . . . 1 3 5 5 . . . 1 . 3 3 . 1 3 . Data Loss (major) 9 | . . . . . . . 2 . 1 2 1 . . . . 1 . 2 . . . . Misfires 14 | . . . . . . . 1 . 2 1 1 . . . 3 1 1 1 1 . 2 . Alerts 6 | . . . . . . . . . 3 1 . . . . . . . . 1 . . 1 Misdirections 18 | . . . . . . . . . 6 . . . . . . . 3 2 . 1 6 . Weapon Failures 14 | . . . . . . . . . 1 . . . . . . . . 4 . 1 8 . Overload Shots 8 | . . . . . . . 2 . 4 . 2 . . . . . . . . . . . Effects 1 | . . . . . . . . . 1 . . . . . . . . . . . . . Heat Surge 1 | . . . . . . . . . 1 . . . . . . . . . . . . . Overflow Damage 3318 | . . . . . . . 434 . 204 . 104 . 34 115 1042 . 1128 141 . 27 . 89 Projectiles . | . . . . . . . . . . . . . . . . . . . . . . . Explosions 69 | . . . . . . . 19 . . . . . . . 50 . . . . . . . Melee 3249 | . . . . . . . 415 . 204 . 104 . 34 115 992 . 1128 141 . 27 . 89 Knockbacks 49 | . . . 17 . . . 1 . 1 . . . . 3 3 . 9 2 . . . 13 Impact 32 | . . . . . . . 1 . 1 . . . . 3 3 . 9 2 . . . 13 Kinetic 16 | . . . 16 . . . . . . . . . . . . . . . . . . . Secondary 1 | . . . 1 . . . . . . . . . . . . . . . . . . . Self-Inflicted Damage 31 | . 3 . . 6 . 6 . . . . . . . . 14 . . . . . 2 . Shots 1 | . . . . . . . . . . . . . . . 1 . . . . . . . Rammed 7 | . 1 . . 1 . 2 . . . . . . . . . . . . . . 3 . Targets Rammed 7 | . 1 . . 1 . 2 . . . . . . . . . . . . . . 3 . Kicked . | . . . . . . . . . . . . . . . . . . . . . . . Crushed . | . . . . . . . . . . . . . . . . . . . . . . . Highest Temperature 462 | . 354 96 95 112 30 172 246 . 249 259 247 . 62 72 462 197 314 341 194 183 410 140 Average Temperature 63 | . 96 35 20 32 12 86 63 . 70 108 93 . 4 15 61 74 108 101 64 53 116 48 Received Heat Transfer 2406 | . 441 . 219 216 54 192 173 . 126 21 . . . . 214 . 72 99 . . 120 459 Effects 5 | . 1 . . . . . 1 . . 1 . . . . . . . 1 . . 1 . Energy Bleed 3 | . 1 . . . . . . . . 1 . . . . . . . 1 . . . . Interference 1 | . . . . . . . 1 . . . . . . . . . . . . . . . Damage (minor) 1 | . . . . . . . . . . . . . . . . . . . . . 1 . Siege Activations 1 | . . . . . . . . . . . . . . . . . . . . . 1 . Total Turns 53 | . . . . . . . . . . . . . . . . . . . . . 53 . Longest Duration 53 | . . . . . . . . . . . . . . . . . . . . . 53 . Martial Activations . | . . . . . . . . . . . . . . . . . . . . . . . Shielding Activations . | . . . . . . . . . . . . . . . . . . . . . . . Robots Disrupted . | . . . . . . . . . . . . . . . . . . . . . . . Combat Hostiles . | . . . . . . . . . . . . . . . . . . . . . . . Robots Corrupted 30 | . . . . . . . 6 . 2 . . . . . 10 . 5 2 . . . 5 Combat Hostiles 12 | . . . . . . . 1 . . . . . . . 2 . 2 2 . . . 5 Parts Fried 33 | . . . . . . . 10 . 4 . 1 . . . 14 . 1 3 . . . . Impact Corruptions 68 | . . . . . . . 11 . 6 . 2 . . 2 23 . 12 3 . . . 9 Robots Melted 8 | . 1 . . . . . . . . . . . . . . . . . . 1 1 5 Combat Hostiles 5 | . 1 . . . . . . . . . . . . . . . . . . . 1 3 Parts Melted 21 | . 3 1 . . . . . . 2 . . . . . 2 . 2 2 . . 2 7 Heat Transferred 5988 | . 1406 185 . . . . . . 240 . . . . . . . 790 240 . 360 421 2346 Parts Sabotaged . | . . . . . . . . . . . . . . . . . . . . . . . Parts Stolen . | . . . . . . . . . . . . . . . . . . . . . . . Parts Stripped . | . . . . . . . . . . . . . . . . . . . . . . . Power Chain Reactions . | . . . . . . . . . . . . . . . . . . . . . . . Alert | -11 -10 -10 -9 -9 -9 -9 -6 -6 -6 -6 -6 -6 -6 -5 -5 -5 -5 -5 -5 -5 -5 -4 ------- Run | Yrd Mat Min Mat Sto Rec Scr Fac Was Fac Low Low Zio Dee Pro Fac Was Fac Ext Cet Arc Hub Fac Maximum Alert Level 4 | . 1 . 2 2 1 . 3 1 2 . . . . . 3 1 3 4 3 2 2 3 Low Security (%) 24 | 100 48 100 4 1 92 . 25 . 48 . . . . . 6 . . . . . 10 . Level 1 30 | . 51 . 26 35 7 . 30 100 26 . . . . . 35 100 61 16 . 91 6 45 Level 2 37 | . . . 68 63 . . 43 . 25 . . . . . 47 . 19 38 . 8 83 38 Level 3 7 | . . . . . . . . . . . . . . . 11 . 19 34 100 . . 15 Level 4 . | . . . . . . . . . . . . . . . . . . 10 . . . . Level 5 . | . . . . . . . . . . . . . . . . . . . . . . . High Security . | . . . . . . . . . . . . . . . . . . . . . . . Max Security . | . . . . . . . . . . . . . . . . . . . . . . . Peak Influence 1292 | 5 300 83 553 538 230 . 784 274 669 . . . . . 963 340 758 1292 998 409 630 840 Initial 709 | . . 63 . 208 184 . . 274 177 . . . . . 80 336 217 354 709 375 120 296 Average 374 | . 180 24 422 414 91 . 355 268 293 . . . . . 463 326 423 732 890 376 472 451 Influence Increases 13989 | 10 723 190 1196 824 233 . 1287 . 1840 243 6 . . 480 1813 24 881 1534 379 110 1078 1138 Destroy 0b10 Robot/C 5320 | . 400 160 740 440 100 . 120 . 360 120 . . . 300 600 . 340 660 160 . 480 340 Destroy 0b10 Robot/NC 550 | 10 25 . 90 55 . . 35 . 25 5 5 . . . 105 . 65 40 10 20 40 20 Destroy Leader 1034 | . 78 30 190 156 . . 20 . 86 . . . . 50 132 . 50 56 . . 104 82 Allied During Kill 1532 | . . . . . 58 . . . 64 43 1 . . 130 158 . 195 600 170 20 93 . Trap Triggered on 0b10 80 | . . . . 30 . . . . . . . . . . 10 . . . . . 40 . Successful Hack 468 | . 25 . 7 3 15 . 86 . 87 . . . . . 139 . 38 7 . . 23 38 Select Force Hacks 280 | . 60 . 60 60 30 . 20 . . . . . . . . . . . . . 50 . Disable Machine 630 | . . . . 60 . . 60 . 45 . . . . . 105 . 60 60 15 60 135 30 Anti-Garrison Action 200 | . . . . . . . . . . . . . . . . . . . . . . 200 Destroy Structure 655 | . . . 19 5 . . 31 . 78 . . . . . 204 24 88 96 24 10 68 8 Partial Spotted 375 | . . . . . . . 90 . 135 . . . . . 75 . 15 . . . 15 45 Lose Combat Pursuer 2865 | . 135 . 90 15 30 . 825 . 960 75 . . . . 285 . 30 15 . . 30 375 Influence Decreases 13161 | 10 560 353 702 845 692 14 503 530 1471 639 233 . . 352 981 674 467 990 709 703 817 916 Entered New Map 4343 | . . 100 . 286 289 14 . 510 77 231 44 . . . 48 624 93 370 559 563 225 310 Time Decay 6328 | 10 500 243 662 559 403 . 273 20 464 398 189 . . 302 553 50 294 470 130 100 262 446 Search Patrol Dispatched 300 | . . . . . . . 100 . 200 . . . . . . . . . . . . . Lost Part 480 | . 60 10 40 . . . 30 . 20 10 . . . 10 20 . . 30 . . 100 150 Lost Ally 960 | . . . . . . . 100 . 410 . . . . 40 60 . 80 120 20 40 80 10 Purge Threat 750 | . . . . . . . . . 300 . . . . . 300 . . . . . 150 . Squads Dispatched 108 | . 4 . 3 5 1 . 18 . 28 . . . . . 15 . 7 4 . . 14 9 Investigation 66 | . 4 . 3 3 . . 14 . 20 . . . . . 7 . 3 1 . . 7 4 Extermination 15 | . . . . . . . 2 . 5 . . . . . 4 . 1 . . . 1 2 Reinforcement 18 | . . . . 1 . . 2 . 3 . . . . . 1 . 3 3 . . 5 . Assault 7 | . . . . . 1 . . . . . . . . . 3 . . . . . 1 2 Garrison 2 | . . . . 1 . . . . . . . . . . . . . . . . . 1 Intercept . | . . . . . . . . . . . . . . . . . . . . . . . Searches Triggered 3 | . . . . . . . 1 . 2 . . . . . . . . . . . . . Unchained Authorized 1 | . . . . . . . . . . . . . . . . . 1 . . . . . Construction Impeded 3 | . . . . . . . . . . . . . . . 1 . 1 1 . . . . Haulers Reinforced 3 | . . . . . . . 1 . . . . . . . . . 2 . . . . . Active Scanning Responses . | . . . . . . . . . . . . . . . . . . . . . . . Cargo Convoy Interrupts . | . . . . . . . . . . . . . . . . . . . . . . . Stealth | -11 -10 -10 -9 -9 -9 -9 -6 -6 -6 -6 -6 -6 -6 -5 -5 -5 -5 -5 -5 -5 -5 -4 --------- Run | Yrd Mat Min Mat Sto Rec Scr Fac Was Fac Low Low Zio Dee Pro Fac Was Fac Ext Cet Arc Hub Fac Distress Signals 29 | . 2 . 4 3 . 1 7 . 4 . . . . . 2 . . 1 2 1 2 . Communications Jammed . | . . . . . . . . . . . . . . . . . . . . . . . Distress Signals . | . . . . . . . . . . . . . . . . . . . . . . . Times Spotted 561 | . 34 9 52 26 13 12 74 6 86 10 . . 7 11 53 6 23 32 3 . 47 57 Peak Tracking Total 16 | . 4 3 6 4 4 7 12 6 13 5 . . 2 4 6 3 5 3 3 . 16 12 Tactical Retreats 74 | . 5 . 3 1 1 . 14 . 22 2 . . . . 10 . 2 1 . . 2 11 Traps | -11 -10 -10 -9 -9 -9 -9 -6 -6 -6 -6 -6 -6 -6 -5 -5 -5 -5 -5 -5 -5 -5 -4 ------- Run | Yrd Mat Min Mat Sto Rec Scr Fac Was Fac Low Low Zio Dee Pro Fac Was Fac Ext Cet Arc Hub Fac Traps Triggered 22 | . 2 . 2 1 . . 3 . 2 . . . . . 7 . . 4 . . . 1 Indirectly . | . . . . . . . . . . . . . . . . . . . . . . . Trap Hack Attempts 42 | . . . 13 29 . . . . . . . . . . . . . . . . . . Triggered . | . . . . . . . . . . . . . . . . . . . . . . . Disarmed . | . . . . . . . . . . . . . . . . . . . . . . . Reprogrammed 23 | . . . 8 9 . . . . . . . . . . . . . . . . 6 . Reused 15 | . . . . 3 . . . . . 1 . . 6 . 1 . . . . . 4 . Traps Extracted 20 | . . . 6 7 . . . . . . 1 . 5 1 . . . . . . . . Installed 18 | . . . . 4 . . . . . 1 . . 11 1 1 . . . . . . . Triggered 9 | . . . . 3 . . . . . 1 . . . . 1 . . . . . 4 . Most Traps Carried 10 | . . . 6 10 9 9 8 8 8 8 10 10 10 4 4 3 3 3 3 3 3 . Machines | -11 -10 -10 -9 -9 -9 -9 -6 -6 -6 -6 -6 -6 -6 -5 -5 -5 -5 -5 -5 -5 -5 -4 ---------- Run | Yrd Mat Min Mat Sto Rec Scr Fac Was Fac Low Low Zio Dee Pro Fac Was Fac Ext Cet Arc Hub Fac Machines Disabled 48 | . . . . 4 . 2 4 . 3 . 1 . 1 . 7 . 4 5 2 4 9 2 Max in Single Turn 2 | . . . . 1 . 1 2 . 1 . 1 . . . 1 . . 1 1 1 1 1 Garrison Access 7 | . . . . . . . 1 . 1 . . . . . 2 . 1 . . . 1 1 Network Hub 2 | . . . . . . . . . . . . . . . . . . . . . 2 . Machines Repaired . | . . . . . . . . . . . . . . . . . . . . . . . Machines Dismantled 5 | . . . . 4 . . . . . . . . . . . . . . . . 1 . Machines Sabotaged 1 | . . . . . . . . . . . . . . . . . . . . . 1 . Overloaded Fab Kills . | . . . . . . . . . . . . . . . . . . . . . . . Hacking | -11 -10 -10 -9 -9 -9 -9 -6 -6 -6 -6 -6 -6 -6 -5 -5 -5 -5 -5 -5 -5 -5 -4 --------- Run | Yrd Mat Min Mat Sto Rec Scr Fac Was Fac Low Low Zio Dee Pro Fac Was Fac Ext Cet Arc Hub Fac Machines Accessed 167 | . 9 1 15 11 13 2 23 . 30 . 3 1 . . 25 . 8 6 . 1 10 9 Terminals 83 | . 7 . 12 8 6 . 8 . 12 . . . . . 9 . 3 6 . . 9 3 Fabricators 13 | . . . . . . . 3 . 4 . . . . . 3 . 1 . . . . 2 Repair Stations 14 | . . . . . . . 2 . 4 . . . . . 5 . 1 . . . . 2 Recycling Units 33 | . 2 . 2 2 7 . 6 . 7 . . . . . 4 . 2 . . . . 1 Scanalyzers 7 | . . . 1 . . . 2 . 2 . . . . . 2 . . . . . . . Garrison Access 9 | . . . . 1 . . 2 . 1 . . . . . 2 . 1 . . . 1 1 Total Hacks 470 | . 26 1 45 25 32 7 61 . 87 . 7 5 . . 69 . 20 16 . 6 26 37 Successful 267 | . 17 1 28 12 20 7 40 . 51 . 7 5 . . 36 . 10 2 . 6 12 13 Failed 201 | . 9 . 16 13 11 . 21 . 36 . . . . . 33 . 10 14 . . 14 24 Catastrophic 29 | . . . . 1 . . 2 . 6 . . . . . 3 . 4 5 . . 2 6 Database Lockouts 2 | . . . 1 . 1 . . . . . . . . . . . . . . . . . Manual 236 | . 18 . 34 13 18 . 29 . 39 . . 5 . . 16 . 15 8 1 . 18 22 Terminals 269 | . 22 . 37 20 21 . 29 . 45 . . . . . 22 . 13 16 . . 24 20 Fabricators 43 | . . . . . . . 6 . 11 . . . . . 15 . 2 . . . . 9 Repair Stations 26 | . . . . . . . 2 . 7 . . . . . 12 . 1 . . . . 4 Recycling Units 54 | . 4 . 3 2 11 . 14 . 11 . . . . . 6 . 2 . . . . 1 Scanalyzers 32 | . . . 5 . . . 7 . 12 . . . . . 8 . . . . . . . Garrison Access 20 | . . . . 3 . . 3 . 1 . . . . . 6 . 2 . . . 2 3 Terminal Hacks 100 | . 6 1 11 8 6 7 10 . 14 . 7 5 . . 6 . 2 2 . 6 5 4 Record 11 | . . . . . . . . . . . 5 . . . . . . . . 6 . . Part Schematic 8 | . 1 . . . . . . . 2 . . 5 . . . . . . . . . . Robot Schematic 2 | . . . . . 1 . 1 . . . . . . . . . . . . . . . Robot Analysis 8 | . . . 1 . 1 6 . . . . . . . . . . . . . . . . Prototype ID Bank 8 | . 1 . 3 1 2 . . . 1 . . . . . . . . . . . . . Open Door 6 | . . 1 . 1 . . . . . . 2 . . . . . . 2 . . . . Branch Access Points 5 | . . . 1 . . . 1 . 1 . . . . . . . 1 . . . . 1 Emergency Access Points 1 | . . . . . . . 1 . . . . . . . . . . . . . . . Machine Index 1 | . . . . . . . . . . . . . . . 1 . . . . . . . Terminal Index 4 | . 1 . . . . . 1 . 1 . . . . . . . . . . . . 1 Alert Level 5 | . . . . . 2 . . . 1 . . . . . 1 . . . . . . 1 Unreport Threat 5 | . . . . . . . . . 2 . . . . . 2 . . . . . 1 . Locate Traps 19 | . 3 . 5 3 . . 3 . 2 . . . . . 1 . . . . . 2 . Reprogram Traps 3 | . . . 1 1 . . . . . . . . . . . . . . . . 1 . Dispatch Records 1 | . . . . . . . . . 1 . . . . . . . . . . . . . Recall Investigation 1 | . . . . 1 . . . . . . . . . . . . . . . . . . Recall Extermination 1 | . . . . . . . . . 1 . . . . . . . . . . . . . Recall Reinforcements 2 | . . . . 1 . . 1 . . . . . . . . . . . . . . . Hauler Manifests 3 | . . . . . . . . . 1 . . . . . . . 1 . . . . 1 Zone Layout 5 | . . . . . . . 2 . 1 . . . . . 1 . . . . . 1 . Proto ID Catalog 1 | . . . . . . 1 . . . . . . . . . . . . . . . . Fabricator Hacks 18 | . . . . . . . 1 . 5 . . . . . 8 . 1 . . . . 3 Network Status 5 | . . . . . . . 1 . 1 . . . . . 1 . 1 . . . . 1 Load Schematic 9 | . . . . . . . . . 3 . . . . . 4 . . . . . . 2 Build 4 | . . . . . . . . . 1 . . . . . 3 . . . . . . . Repair Station Hacks 7 | . . . . . . . 1 . . . . . . . 5 . . . . . . 1 Scan Component 4 | . . . . . . . . . . . . . . . 4 . . . . . . . Repair 1 | . . . . . . . . . . . . . . . 1 . . . . . . . Refit 2 | . . . . . . . 1 . . . . . . . . . . . . . . 1 Recycling Unit Hacks 18 | . 2 . 1 . 6 . 4 . 2 . . . . . 3 . . . . . . . Retrieve Components 18 | . 2 . 1 . 6 . 4 . 2 . . . . . 3 . . . . . . . Scanalyzer 27 | . . . 5 . . . 7 . 10 . . . . . 5 . . . . . . . Insert Component 11 | . . . 2 . . . 2 . 5 . . . . . 2 . . . . . . . Analyze 11 | . . . 3 . . . 2 . 4 . . . . . 2 . . . . . . . Retrieve Study 5 | . . . . . . . 3 . 1 . . . . . 1 . . . . . . . Garrison Access Hacks 6 | . . . . . . . 1 . 1 . . . . . 2 . 1 . . . 1 . Seal Access 6 | . . . . . . . 1 . 1 . . . . . 2 . 1 . . . 1 . Unauthorized Hacks 91 | . 9 . 11 4 8 . 16 . 19 . . . . . 7 . 6 . . . 6 5 Terminals 51 | . 7 . 9 2 7 . 7 . 6 . . . . . 3 . 2 . . . 6 2 Track 4 | . . . . . . . 2 . 2 . . . . . . . . . . . . . Assimilate 2 | . . . . . . . . . 1 . . . . . . . . . . . . 1 Botnet 19 | . 1 . 4 1 2 . 2 . 3 . . . . . 2 . 1 . . . 2 1 Disrupt 1 | . . . . . . . . . . . . . . . . . 1 . . . . . Operators 3 | . 1 . . 1 . . . . . . . . . . 1 . . . . . . . Skim 18 | . 5 . 5 . 5 . 3 . . . . . . . . . . . . . . . Sabotage 4 | . . . . . . . . . . . . . . . . . . . . . 4 . Fabricators 8 | . . . . . . . 2 . 3 . . . . . 1 . 1 . . . . 1 Liberate 1 | . . . . . . . . . 1 . . . . . . . . . . . . . Haulers 2 | . . . . . . . 1 . . . . . . . . . 1 . . . . . Download 1 | . . . . . . . 1 . . . . . . . . . . . . . . . Recompile 4 | . . . . . . . . . 2 . . . . . 1 . . . . . . 1 Repair Stations 6 | . . . . . . . 1 . 3 . . . . . 1 . 1 . . . . . Patch 6 | . . . . . . . 1 . 3 . . . . . 1 . 1 . . . . . Recycling Units 25 | . 2 . 2 2 1 . 6 . 7 . . . . . 2 . 2 . . . . 1 Tunnel 7 | . 2 . 2 2 1 . . . . . . . . . . . . . . . . . Fedlink 8 | . . . . . . . 5 . 2 . . . . . 1 . . . . . . . Scrapoids 10 | . . . . . . . 1 . 5 . . . . . 1 . 2 . . . . 1 Scanalyzers . | . . . . . . . . . . . . . . . . . . . . . . . Garrison Access 1 | . . . . . . . . . . . . . . . . . . . . . . 1 Jam 1 | . . . . . . . . . . . . . . . . . . . . . . 1 Data Cores Recovered 4 | . 1 . 1 . . . . . 1 . . . . . . . 1 . . . . . Used 1 | . . . . . . . . . . . . . . . . . 1 . . . . . Hacking Detections 114 | . 6 . 12 9 9 . 16 . 18 . . . . . 20 . 4 6 1 . 7 6 Full Trace Events 21 | . . . . 1 . . 6 . 8 . . . . . 2 . . . . . 3 1 Feedback Events 2 | . . . . . . . 1 . . . . . . . 1 . . . . . . . Corruption 2 | . . . . . . . 1 . . . . . . . 1 . . . . . . . Feedback Blocked . | . . . . . . . . . . . . . . . . . . . . . . . Robot Schematics Acquired 6 | . . . . . 1 . 1 . . . . 4 . . . . . . . . . . Robots Built . | . . . . . . . . . . . . . . . . . . . . . . . Authchips . | . . . . . . . . . . . . . . . . . . . . . . . Time . | . . . . . . . . . . . . . . . . . . . . . . . Total Robot Build Rating . | . . . . . . . . . . . . . . . . . . . . . . . Part Schematics Acquired 32 | . 1 . 2 . . . 3 . 6 . . 19 . . 1 . . . . . . . Parts Built 6 | . . . . . . . . . 2 . . . . . 4 . . . . . . . Authchips 4 | . . . . . . . . . 1 . . . . . 3 . . . . . . . Time 190 | . . . . . . . . . 64 . . . . . 126 . . . . . . . Total Part Build Rating 48 | . . . . . . . . . 16 . . . . . 32 . . . . . . . Part Studies Acquired 5 | . . . . . . . 3 . 1 . . . . . 1 . . . . . . . Parts Repaired 1 | . . . . . . . . . . . . . . . 1 . . . . . . . Time 95 | . . . . . . . . . . . . . . . 95 . . . . . . . Parts Recycled . | . . . . . . . . . . . . . . . . . . . . . . . Recycled Matter . | . . . . . . . . . . . . . . . . . . . . . . . Retrieved Matter . | . . . . . . . . . . . . . . . . . . . . . . . Retrieved Components 50 | . 18 . 9 . 7 . 7 . 4 . . . . . 5 . . . . . . . Parts Scanalyzed 9 | . . . 2 . . . 2 . 4 . . . . . 1 . . . . . . . Part Schematics Acquired 9 | . . . 2 . . . 2 . 4 . . . . . 1 . . . . . . . Parts Damaged 1 | . . . . . . . . . 1 . . . . . . . . . . . . . Bothacking | -11 -10 -10 -9 -9 -9 -9 -6 -6 -6 -6 -6 -6 -6 -5 -5 -5 -5 -5 -5 -5 -5 -4 ------------ Run | Yrd Mat Min Mat Sto Rec Scr Fac Was Fac Low Low Zio Dee Pro Fac Was Fac Ext Cet Arc Hub Fac Used RIF Installer . | . . . . . . . . . . . . . . . . . . . . . . . Robots Hacked . | . . . . . . . . . . . . . . . . . . . . . . . Non-combat . | . . . . . . . . . . . . . . . . . . . . . . . Combat . | . . . . . . . . . . . . . . . . . . . . . . . Robot Hacks Applied . | . . . . . . . . . . . . . . . . . . . . . . . Relay Couplers Released . | . . . . . . . . . . . . . . . . . . . . . . . Fabnet Peak Effective % . | . . . . . . . . . . . . . . . . . . . . . . . Robots Rewired 16 | . . . . . 3 . . . . . . . . . . . . 13 . . . . Allies Hacked . | . . . . . . . . . . . . . . . . . . . . . . . Hacks Repelled . | . . . . . . . . . . . . . . . . . . . . . . . Allies | -11 -10 -10 -9 -9 -9 -9 -6 -6 -6 -6 -6 -6 -6 -5 -5 -5 -5 -5 -5 -5 -5 -4 -------- Run | Yrd Mat Min Mat Sto Rec Scr Fac Was Fac Low Low Zio Dee Pro Fac Was Fac Ext Cet Arc Hub Fac Total Allies 96 | . . . . 10 3 2 5 . 28 . . 2 1 . 5 2 11 21 5 . . 1 Largest Group 20 | . . . . 10 13 14 5 . 9 5 5 7 7 5 5 4 10 19 20 20 4 1 Highest-Rated Group 1167 | . . . . 88 118 186 143 . 252 140 140 332 332 261 235 188 458 803 1167 1167 205 26 Highest-Rated Ally 166 | . . . . 16 16 66 31 . 32 28 28 96 153 153 153 47 166 166 160 160 96 26 Initial UFD Resources 40 | . . . . . . . 23 40 40 29 29 29 29 33 33 40 40 34 34 34 34 37 Total Orders 76 | . . . . . 2 14 . . . 8 6 . 17 2 16 . 2 2 . 7 . . STAY 35 | . . . . . 1 4 . . . 4 3 . 8 1 8 . 1 1 . 4 . . FOLLOW 40 | . . . . . 1 9 . . . 4 3 . 9 1 8 . 1 1 . 3 . . COLLECT 1 | . . . . . . 1 . . . . . . . . . . . . . . . . Ally Attacks 817 | . . . . . 19 26 6 . 87 20 4 . 91 50 67 63 125 139 59 17 44 . Total Damage 21265 | . . . . . 196 429 95 . 1797 307 99 . 1522 1526 3664 1619 3042 3865 1495 337 1272 . Kills 148 | . . . . . 3 5 . . 12 6 . . 20 14 21 5 16 25 11 . 10 . Allies Corrupted 3 | . . . . . . . . . 2 . . . . . . . 1 . . . . . Allies Melted 6 | . . . . . . 3 . . . . . . 1 . . . 1 . . 1 . . Intel | -11 -10 -10 -9 -9 -9 -9 -6 -6 -6 -6 -6 -6 -6 -5 -5 -5 -5 -5 -5 -5 -5 -4 ------- Run | Yrd Mat Min Mat Sto Rec Scr Fac Was Fac Low Low Zio Dee Pro Fac Was Fac Ext Cet Arc Hub Fac Active Infowar (turns) 12752 | 9 119 . . . . . 607 40 1173 957 1106 793 1751 667 1619 111 652 1196 277 214 491 970 Optics 12215 | . . . . . . . 607 40 1173 957 1106 793 1751 667 1619 111 652 1196 277 214 491 561 Sensors 9526 | . . . . . . . 224 40 941 957 1106 793 1749 667 1582 111 652 55 . . . 649 Terrain 42 | . . . . . . . . . . . . . . 42 . . . . . . . . Seismic 128 | 9 119 . . . . . . . . . . . . . . . . . . . . . T.N.C. 822 | . . . . . . . . . . . . . . . . . . . . . . 822 ECM 2 | . . . . . . . . . . . . . . . . . . 2 . . . . Robot Analysis Total 8 | . . . 1 . 1 6 . . . . . . . . . . . . . . . . Derelict Logs Recovered 8 | . . 1 . . . . . . . 1 3 1 . 2 . . . . . . . . Drone Launches . | . . . . . . . . . . . . . . . . . . . . . . . Drone Recoveries . | . . . . . . . . . . . . . . . . . . . . . . . Exploration | -11 -10 -10 -9 -9 -9 -9 -6 -6 -6 -6 -6 -6 -6 -5 -5 -5 -5 -5 -5 -5 -5 -4 ------------- Run | Yrd Mat Min Mat Sto Rec Scr Fac Was Fac Low Low Zio Dee Pro Fac Was Fac Ext Cet Arc Hub Fac Turns Passed 26426 | 111 1436 867 2825 1653 1218 5413 667 40 1173 957 1106 793 1751 667 1619 111 652 1196 277 214 575 1105 Spaces Moved 24650 | 63 730 664 1468 806 726 3323 1353 131 2446 1113 1072 811 2537 925 2865 173 1190 759 162 106 444 783 Core 404 | 1 . . . . . . . . . . . . . . . . . . . . 144 259 Treads 459 | . 17 . 6 . . . . . . . . . . . . . . . . 98 300 38 Legs . | . . . . . . . . . . . . . . . . . . . . . . . Wheels 8667 | 62 713 664 1462 806 726 3323 . . . . . . . . . . . 663 162 8 . 78 Hover 252 | . . . . . . . . . . . . . . . . . . . . . . 252 Flight 14868 | . . . . . . . 1353 131 2446 1113 1072 811 2537 925 2865 173 1190 96 . . . 156 Fastest Speed 11 | 50 90 105 125 135 150 105 23 29 11 24 24 24 24 24 18 26 26 26 80 70 50 40 Average Speed 74 | 90 98 116 155 150 150 142 31 29 27 74 93 93 31 24 26 26 26 74 86 72 64 69 Slowest Speed 240 | 100 160 125 240 155 150 210 104 29 105 101 101 101 103 25 102 26 26 100 90 150 150 240 Overloaded Moves 157 | . . . . . . . 53 . 65 . . . . . 39 . . . . . . . Propulsion Burnouts . | . . . . . . . . . . . . . . . . . . . . . . . Robots Hopped 83 | . . . . . . . 8 . 55 . . . . . 14 . 5 . . . . 1 Potential Cave-ins 6 | . . . . . . . . . 6 . . . . . . . . . . . . . Cave-ins Triggered . | . . . . . . . . . . . . . . . . . . . . . . . Exploration Rate (%) 74 | 5 92 98 97 96 99 87 58 84 66 95 96 86 88 88 52 87 26 90 81 81 53 17 Regions Visited 22 Branch Regions 13 Pre-discovered Areas 18 | . 3 . 5 2 4 1 1 . . . . 2 . . . . . . . . . . Known Exits Taken 12 | . 1 1 1 . 1 . . . 1 1 1 1 1 1 . . 1 . . . 1 . Unknown Exits Taken 6 | 1 . . . 1 . 1 . . . . . . . . . . . 1 1 1 . . Scrap Searched 26 | . . 1 . . . 3 . . . 7 10 4 . 1 . . . . . . . . Spaces Dug 118 | . . . 1 1 . 1 21 . 36 1 4 . 2 6 38 . 2 . . . 1 4 Terrain Destroyed 334 | . . . 16 1 . 1 31 . 84 2 5 . 5 6 90 2 20 40 . 4 23 4 Melee 86 | . . . . 1 . 1 20 . 29 1 3 . 2 4 18 . 2 . . . 1 4 Projectile 126 | . . . 1 . . . 1 . 13 1 2 . 3 2 35 2 . 40 . 4 22 . AOE 122 | . . . 15 . . . 10 . 42 . . . . . 37 . 18 . . . . . Terrain Rammed . | . . . . . . . . . . . . . . . . . . . . . . . Walls Destroyed . | . . . . . . . . . . . . . . . . . . . . . . . Machines Disabled . | . . . . . . . . . . . . . . . . . . . . . . . Actions | -11 -10 -10 -9 -9 -9 -9 -6 -6 -6 -6 -6 -6 -6 -5 -5 -5 -5 -5 -5 -5 -5 -4 --------- Run | Yrd Mat Min Mat Sto Rec Scr Fac Was Fac Low Low Zio Dee Pro Fac Was Fac Ext Cet Arc Hub Fac Total 31441 | 89 1276 739 1873 1059 847 4005 1525 131 2816 1229 1164 848 3491 1351 3568 219 1481 1353 300 209 632 1236 Wait 4699 | . 385 43 180 70 99 571 74 . 302 84 73 26 818 403 492 13 179 341 118 58 78 292 Move 24475 | 62 729 663 1467 805 725 3323 1338 130 2344 1112 1071 810 2536 924 2837 172 1179 758 161 105 443 781 Hop 73 | . . . . . . . 7 . 46 . . . . . 14 . 5 . . . . 1 Pick Up 217 | 5 13 13 32 11 2 36 4 . 12 4 . 1 29 . 10 . 27 3 3 6 4 2 Fast Attach 173 | 7 1 . 9 4 . 3 10 1 8 5 4 5 24 2 26 3 9 13 4 3 5 27 Attach 82 | . 8 1 6 4 . 4 7 . 4 1 . . 4 2 9 2 3 4 . . 5 18 Detach 42 | . 1 . . . . . 1 . 2 . . . 2 1 6 2 3 5 . . 2 17 Swap 202 | . 25 2 33 30 2 12 7 . 21 9 6 . 3 6 12 . 4 9 4 8 9 . Drop 336 | . 7 5 30 16 3 48 11 . 16 9 4 5 52 2 26 2 35 16 9 12 11 17 Fire 562 | 15 106 12 103 63 4 1 2 . 16 2 2 . 7 2 38 25 4 32 . 14 62 52 Melee 254 | . . . . 1 . 6 42 . 45 2 4 1 5 8 56 . 33 11 1 3 7 29 Ram 6 | . 1 . . 1 . 1 . . . . . . . . . . . . . . 3 . Kick . | . . . . . . . . . . . . . . . . . . . . . . . Crush . | . . . . . . . . . . . . . . . . . . . . . . . Escape Stasis 95 | . . . . . . . 22 . . . . . . . 41 . . 32 . . . . Rewire 141 | . . . . . 12 . . . . . . . . . . . . 129 . . . . Trap 60 | . . . 13 33 . . . . . 1 . . 11 1 1 . . . . . . . Miscellaneous 24 | . . . . 21 . . . . . . . . . . . . . . . . 3 . Route ------- -11/Scrapyard -10/Materials (discovered 6 exits: *Mat x3 / *Min x2 / Sub) -10/Mines (discovered 3 exits: *Mat x2 / *Sub) -9/Materials (discovered 6 exits: *Mat x3 / *Min x2 / *Sto) -9/Storage (discovered 2 exits: *Mat / *Rec) -9/Recycling (discovered 2 exits: [*Fac] / *Scr) -9/Scraptown (discovered 2 exits: *Fac x2) -6/Factory (discovered 3 exits: *Fac / Low x2) -6/Waste -6/Factory (discovered 5 exits: *Fac x3 / *Low x2) -6/Lower Caves -6/Lower Caves (discovered 2 exits: *Fac / *Zio) -6/Zion (discovered 2 exits: *Dee / [*Pro]) -6/Deep Caves -5/Proximity Caves -5/Factory (discovered 4 exits: *Fac x2 / *Upp x2) -5/Waste -5/Factory (discovered 5 exits: *Fac / *Upp x2 / *Ext x2) -5/Extension (discovered 2 exits: *Fac / *Cet) -5/Cetus (discovered 2 exits: *Fac / *Arc) -5/Archives (discovered 2 exits: *Hub x2) -5/Hub_04(d) (discovered 2 exits: *Fac x2) -4/Factory (discovered 2 exits: Upp x2) History --------- Turn | Location | Event 7 | -11/Scrapyard | Discovered new exit (range 15) 112 | -11/Scrapyard | Entered Materials 317 | -10/Materials | Build established: Mutant 454 | -10/Materials | Discovered new exit (range 14) 533 | -10/Materials | Discovered new exit (range 16) 645 | -10/Materials | Core integrity fell below 50% 768 | -10/Materials | Discovered new exit (range 16) 1135 | -10/Materials | Learned location of 1 exit from Recycling 1188 | -10/Materials | Discovered new exit (range 12) 1206 | -10/Materials | Learned 4 Subcaves zone layouts 1265 | -10/Materials | Learned 4 Subcaves zone layouts 1315 | -10/Materials | Learned location of Recycling (-9) 1382 | -10/Materials | Learned Storage emergency access door positions 1402 | -10/Materials | Loaded intel: 9 trap records 1434 | -10/Materials | Identified exit to Materials 1478 | -10/Materials | Loaded intel: 2 recycling unit locations 1534 | -10/Materials | Identified exit to Mines 1534 | -10/Materials | Identified exit to Subcaves 1548 | -10/Materials | Entered Mines 1566 | -10/Mines | Met a Derelict bent on vengeance 1723 | -10/Mines | Met a Derelict testing a Signal Generator 1728 | -10/Mines | Found Signal Generator 1769 | -10/Mines | Learned Materials garrison access intel 1907 | -10/Mines | Discovered exit to Materials (range 15) 1967 | -10/Mines | Met a Derelict who couldn't figure out how to use a Trap Extractor 2414 | -10/Mines | Discovered exit to Subcaves (range 5) 2415 | -10/Mines | Entered Materials 2415 | -9/Materials | Evolved 2 slots: Utility x1, Weapon x1 2416 | -9/Materials | Identified exit to Storage 2548 | -9/Materials | Identified exit to Mines 2592 | -9/Materials | Destroyed 8 combat bots 2823 | -9/Materials | Build established: Tank 2980 | -9/Materials | Discovered new exit (range 10) 3163 | -9/Materials | Build established: Scavenger-Tank 3365 | -9/Materials | Discovered new exit (range 16) 3602 | -9/Materials | Central database locked down 3627 | -9/Materials | Build established: Tank 5041 | -9/Materials | Discovered new exit (range 13) 5125 | -9/Materials | Learned Storage stockpile data 5146 | -9/Materials | Identified exit to Materials 5149 | -9/Materials | Learned 8 Materials zone layouts 5161 | -9/Materials | Learned location of Zion (-6) 5181 | -9/Materials | Loaded intel: 9 trap records 5211 | -9/Materials | Learned Materials trap positions 5240 | -9/Materials | Entered Storage 5620 | -9/Storage | Build established: Trapper-Tank 6018 | -9/Storage | Garrison activated, responded to threat 6160 | -9/Storage | Used back door to open Recycling access 6160 | -9/Storage | Discovered new exit (range 5) 6238 | -9/Storage | Discovered exit to Materials (range 15) 6800 | -9/Storage | Assisted by bots powering up and referring to "LRC-V3" 6893 | -9/Storage | Entered Recycling 6893 | -9/Recycling | Accompanied by 10 allies 6894 | -9/Recycling | Identified exit to Scraptown 7176 | -9/Recycling | Build established: Commander-Tank 7359 | -9/Recycling | Discovered new exit (range 16) 7737 | -9/Recycling | Learned 2 Materials zone layouts 7854 | -9/Recycling | Scanned before Scraplab entrance 7856 | -9/Recycling | Learned location of 1 exit from Recycling 7875 | -9/Recycling | Entered Scraplab 7902 | -9/Recycling | Learned Storage garrison access intel 7939 | -9/Recycling | Learned 2 Storage zone layouts 7965 | -9/Recycling | Learned Storage trap positions 7979 | -9/Recycling | Learned location of 3 exits from Materials 8002 | -9/Recycling | Learned location of Storage (-9) 8021 | -9/Recycling | Core integrity fell below 50% 8111 | -9/Recycling | Entered Scraptown 8111 | -9/Scraptown | Accompanied by 13 allies 8186 | -9/Scraptown | Heard Great Nut preacher, LISTEN AND RECITE! 8261 | -9/Scraptown | Visited Fellowship of the Rings 8293 | -9/Scraptown | Visited Spacefarers 8315 | -9/Scraptown | Visited The Evicted 8336 | -9/Scraptown | Visited Cave Peace 8350 | -9/Scraptown | Visited Symbiants 8372 | -9/Scraptown | Visited CPS Storage 8387 | -9/Scraptown | Visited Cyclists 8639 | -9/Scraptown | Learned location of Extension (-5) 8710 | -9/Scraptown | Visited UFD Registry 8710 | -9/Scraptown | Registered with UFD as "Cargofunk" 8747 | -9/Scraptown | Visited Science Guys 8795 | -9/Scraptown | Visited Infowarlord's Domain 8804 | -9/Scraptown | Found Spectral Analyzer 8832 | -9/Scraptown | Visited Scrapoid Research Area 8940 | -9/Scraptown | Visited Botcube Research 8963 | -9/Scraptown | Visited Analyses Database 8994 | -9/Scraptown | Visited Junk Repository 9027 | -9/Scraptown | Visited Modified Component R&D 9084 | -9/Scraptown | Visited Scrap Suit Storage 9113 | -9/Scraptown | Visited Observation Area 9147 | -9/Scraptown | Visited Curators Association 9280 | -9/Scraptown | Found Botcube 9356 | -9/Scraptown | Discovered new exit (range 5) 9638 | -9/Scraptown | Entered Cyclist Reading Room 9896 | -9/Scraptown | Build established: Commander-Gunner 10108 | -9/Scraptown | Found Scrap Suit 10371 | -9/Scraptown | Discovered new exit (range 13) 10690 | -9/Scraptown | Botcube activated 10712 | -9/Scraptown | Botcube completed mutation into wheeled form, armed with 2 guns 10836 | -9/Scraptown | Found Scrap Suit 11237 | -9/Scraptown | Attached CPS modules to Mutated Botcube 12973 | -9/Scraptown | Met Optimus 12973 | -9/Scraptown | Accepted into 0bPrime 13309 | -9/Scraptown | Build established: Commander-Mutant 13373 | -9/Scraptown | Civil war broke out across Scraptown 13379 | -9/Scraptown | Found Thermal Lance 13452 | -9/Scraptown | Found Lrg. Botcube 13474 | -9/Scraptown | Lost 9 allies 13514 | -9/Scraptown | Core integrity fell below 20% 13519 | -9/Scraptown | Botcube activated 13524 | -9/Scraptown | Entered Factory 13524 | -6/Factory | Evolved 6 slots: Propulsion x3, Utility x3 13551 | -6/Factory | Lost 5 allies 13676 | -6/Factory | Identified exit to Lower Caves 13689 | -6/Factory | Loaded intel: 8 recycling unit locations 13768 | -6/Factory | Learned location of Protoforge (-3) 13815 | -6/Factory | Watched by a mysterious "MATRIX" hacker 13874 | -6/Factory | Search patrols dispatched 13946 | -6/Factory | Scrapoid reinforcements arrived 13997 | -6/Factory | Discovered new exit (range 19) 13999 | -6/Factory | Lost 5 allies 14191 | -6/Factory | Manually triggered Chute Trap 14191 | -6/Factory | Sucked down chute 14191 | -6/Factory | Entered Waste 14206 | -6/Waste | EMP discharged 14206 | -6/Waste | System corruption reached 10% 14206 | -6/Waste | Spotted C-40 Crusher 14207 | -6/Waste | Spotted C-40 Crusher 14208 | -6/Waste | Spotted C-40 Crusher 14214 | -6/Waste | Spotted C-40 Crusher 14214 | -6/Waste | Spotted C-40 Crusher 14214 | -6/Waste | Spotted C-40 Crusher 14225 | -6/Waste | Discovered new exit (range 22) 14230 | -6/Waste | Identified exit to Factory 14231 | -6/Waste | Entered Factory 14260 | -6/Factory | Discovered new exit (range 4) 14261 | -6/Factory | Identified exit to Factory 14303 | -6/Factory | Spotted B-75 Beast 14311 | -6/Factory | Build established: Trapper-Scout 14454 | -6/Factory | Discovered exit to Factory (range 4) 14486 | -6/Factory | Fabricated Q-thruster? 14548 | -6/Factory | Loaded intel: 8 recycling unit locations 14895 | -6/Factory | Scrapoid reinforcements arrived 14931 | -6/Factory | Search patrols dispatched 14976 | -6/Factory | Discovered exit to Factory (range 23) 14992 | -6/Factory | Scrapoids reinforcements arrived? 15019 | -6/Factory | Lost 4 allies 15054 | -6/Factory | Scrapoids reinforcements arrived? 15134 | -6/Factory | Lost 5 allies 15281 | -6/Factory | Search patrols dispatched 15285 | -6/Factory | Core integrity fell below 50% 15372 | -6/Factory | Scrapoids reinforcements arrived? 15376 | -6/Factory | Scrapoid reinforcements arrived 15404 | -6/Factory | Entered Lower Caves 15404 | -6/Lower Caves | Accompanied by 5 allies 15418 | -6/Lower Caves | Lost 5 allies 15507 | -6/Lower Caves | Learned Factory stockpile data 15713 | -6/Lower Caves | Build established: Commander-Assassin 15764 | -6/Lower Caves | Discovered new exit (range 8) 15771 | -6/Lower Caves | Identified exit to Lower Caves 16361 | -6/Lower Caves | Entered another Lower Caves area 16361 | -6/Lower Caves | Accompanied by 5 allies 16386 | -6/Lower Caves | Learned Factory stockpile data 16449 | -6/Lower Caves | Discovered exit to Factory (range 14) 16632 | -6/Lower Caves | Learned Factory stockpile data 16656 | -6/Lower Caves | Entered an active Warlord outpost 16671 | -6/Lower Caves | Learned Armory security intel 16671 | -6/Lower Caves | Learned Armory emergency access door positions 16671 | -6/Lower Caves | Learned Armory trap positions 16785 | -6/Lower Caves | Lost 3 allies 17088 | -6/Lower Caves | Learned Factory stockpile data 17147 | -6/Lower Caves | Build established: Trapper-Assassin 17161 | -6/Lower Caves | Encountered a Warlord checkpoint 17219 | -6/Lower Caves | Discovered new exit (range 5) 17242 | -6/Lower Caves | Identified exit to Zion 17467 | -6/Lower Caves | Entered Zion 17467 | -6/Zion | Accompanied by 5 allies 17478 | -6/Zion | System corruption cleaned by Quarantine Array 17541 | -6/Zion | Discovered new exit (range 14) 17850 | -6/Zion | Given A8's code to call for help 17940 | -6/Zion | Turned away by Imprinter 18006 | -6/Zion | Acquired unknown access codes intercepted by a Zionite 18086 | -6/Zion | Found Prototype Device 18086 | -6/Zion | Identified Phasing AFG 18209 | -6/Zion | Opened final containment barrier to the Deep Caves 18229 | -6/Zion | Enhanced Grunt warped into view, answering call for help 18233 | -6/Zion | Enhanced Grunt warped into view, answering call for help 18240 | -6/Zion | Discovered new exit (range 3) 18240 | -6/Zion | Saw the warning signs outside the Deep Caves entrance 18243 | -6/Zion | Identified exit to Deep Caves 18260 | -6/Zion | Entered Deep Caves 18260 | -6/Deep Caves | Accompanied by 7 allies 18668 | -6/Deep Caves | Attacked by Z-Imprinter 18670 | -6/Deep Caves | Allies destroyed Z-Imprinter 18707 | -6/Deep Caves | Found Prototype Protection 18707 | -6/Deep Caves | Identified Zio. Weapon Casing 18753 | -6/Deep Caves | Build established: Commander-Scout 18780 | -6/Deep Caves | Z-Facility disabled 18984 | -6/Deep Caves | Attached CPS modules to Enhanced Grunt 18986 | -6/Deep Caves | Attached CPS modules to Enhanced Grunt 19071 | -6/Deep Caves | Discovered new exit (range 6) 19072 | -6/Deep Caves | Identified exit to Proximity Caves 19547 | -6/Deep Caves | Found Prototype Device 19547 | -6/Deep Caves | Identified Exp. Thermal Shield 19604 | -6/Deep Caves | Found Zio. Weapon Casing 19607 | -6/Deep Caves | Found Zio. Weapon Casing 19631 | -6/Deep Caves | Found Scrap Suit 19653 | -6/Deep Caves | Found Unknown Processor 19655 | -6/Deep Caves | Found Surveybot 24 Scanner 19795 | -6/Deep Caves | Lrg. Botcube activated 19833 | -6/Deep Caves | Lrg. Botcube completed mutation into legged form, armed with 4 guns 19930 | -6/Deep Caves | Spotted Golem 20011 | -6/Deep Caves | Entered Proximity Caves 20011 | -5/Proximity Caves | Accompanied by 5 allies 20388 | -5/Proximity Caves | Spotted B-75 Beast 20579 | -5/Proximity Caves | Learned 8 Factory zone layouts 20586 | -5/Proximity Caves | Discovered exit to Factory (range 12) 20678 | -5/Proximity Caves | Entered Factory 20678 | -5/Factory | Accompanied by 3 allies 20678 | -5/Factory | Evolved 2 slots: Utility x2 20679 | -5/Factory | Identified exit to Factory 20684 | -5/Factory | Loaded intel: 8 recycling unit locations 20759 | -5/Factory | Found Scrap Suit 20795 | -5/Factory | Discovered exit to Factory (range 7) 20799 | -5/Factory | Build established: Scout 20882 | -5/Factory | Discovered new exit (range 9) 20899 | -5/Factory | Identified exit to Upper Caves 20954 | -5/Factory | Repaired Broken Ovr. Railgun? 21206 | -5/Factory | Declared boring by mysterious "MATRIX" hacker 21451 | -5/Factory | Found Lrg. Botcube 21525 | -5/Factory | Identified Surveybot 24 Chip 21578 | -5/Factory | First assault squad dispatched 21809 | -5/Factory | Scrapoid reinforcements arrived 21821 | -5/Factory | Discovered exit to Upper Caves (range 24) 21871 | -5/Factory | Fabricated Q-thruster? 21918 | -5/Factory | Fabricated Ovr. Railgun? 21987 | -5/Factory | Fabricated Ovr. Railgun (x1) 22120 | -5/Factory | Build established: Commander-Scout 22297 | -5/Factory | Sucked down chute 22297 | -5/Factory | Entered Waste 22297 | -5/Waste | Met up with 2 allies sucked down the chute earlier 22302 | -5/Waste | Spotted C-40 Crusher 22312 | -5/Waste | EMP discharged 22312 | -5/Waste | System corruption reached 10% 22318 | -5/Waste | Allies destroyed C-40 Crusher 22318 | -5/Waste | Spotted C-40 Crusher 22326 | -5/Waste | Allies destroyed C-40 Crusher 22328 | -5/Waste | Spotted C-40 Crusher 22329 | -5/Waste | Spotted C-40 Crusher 22337 | -5/Waste | 3 allies followed down the chute 22342 | -5/Waste | Spotted C-40 Crusher 22345 | -5/Waste | Destroyed C-40 Crusher 22348 | -5/Waste | Destroyed C-40 Crusher 22348 | -5/Waste | Allies destroyed C-40 Crusher 22354 | -5/Waste | Spotted C-40 Crusher 22362 | -5/Waste | Allies destroyed C-40 Crusher 22391 | -5/Waste | Discovered new exit (range 11) 22393 | -5/Waste | Found Prototype Launcher 22393 | -5/Waste | Identified Point Singularity Launcher 22395 | -5/Waste | Identified exit to Factory 22408 | -5/Waste | Entered Factory 22408 | -5/Factory | Accompanied by 3 allies 22446 | -5/Factory | Identified exit to Extension 22447 | -5/Factory | Discovered exit to Factory (range 24) 22625 | -5/Factory | Build established: Scout 22631 | -5/Factory | Unchained authorized (DW-4LL) 22701 | -5/Factory | Scrapoid reinforcements arrived 22769 | -5/Factory | Found Prototype Launcher 22769 | -5/Factory | Identified Tesla Bomb Launcher 22834 | -5/Factory | Scrapoids reinforcements arrived? 22859 | -5/Factory | DW-4LL burst out of a wall 22859 | -5/Factory | Spotted DW-4LL 22863 | -5/Factory | Attached CPS modules to DW-4LL 22867 | -5/Factory | Allies destroyed DW-4LL 22874 | -5/Factory | Found Prototype Ballistic Gun 22882 | -5/Factory | Found Prototype Protection 22890 | -5/Factory | Found Prototype Device 22890 | -5/Factory | Identified Exp. Weapon Cycler 22937 | -5/Factory | Found Prototype Treads 22939 | -5/Factory | Found Prototype Treads 22982 | -5/Factory | Found Prototype Processor 23024 | -5/Factory | Lrg. Botcube activated 23041 | -5/Factory | Build established: Commander-Scout 23048 | -5/Factory | Lrg. Botcube completed mutation into treaded form, armed with 4 guns 23057 | -5/Factory | Identified DW-4LL's Megashotty 23060 | -5/Factory | Entered Extension 23060 | -5/Extension | Accompanied by 5 allies 23070 | -5/Extension | Rescued a captive Derelict 23134 | -5/Extension | Found Scrap Suit 23146 | -5/Extension | Lost 3 parts (1n2u) 23146 | -5/Extension | Lost 3 allies 23446 | -5/Extension | Rescued a captive Derelict 23447 | -5/Extension | Rescued a captive Derelict 23479 | -5/Extension | Rescued A7 23709 | -5/Extension | Build established: Commander-Scrapper 23804 | -5/Extension | Spotted B-75 Beast 23822 | -5/Extension | Allies destroyed B-75 Beast 23831 | -5/Extension | Attached CPS modules to *DW-4LL 2.0 23836 | -5/Extension | Spotted B-75 Beast 23846 | -5/Extension | Destroyed B-75 Beast 23891 | -5/Extension | Rescued a captive Derelict 23896 | -5/Extension | Rescued a captive Derelict 23918 | -5/Extension | Rescued a captive Derelict 24005 | -5/Extension | Rescued a captive Derelict 24179 | -5/Extension | Discovered exit to Factory (range 10) 24180 | -5/Extension | Discovered new exit (range 6) 24256 | -5/Extension | Entered Cetus 24256 | -5/Cetus | Accompanied by 17 allies (A7) 24259 | -5/Cetus | Spotted Cetus Guard 24260 | -5/Cetus | Spotted Cetus Guard 24261 | -5/Cetus | Acquired a Cetus Manufacturing Module code from A7 24264 | -5/Cetus | Allies destroyed Cetus Guard 24266 | -5/Cetus | Spotted Cetus Guard 24267 | -5/Cetus | Spotted Cetus Guard 24268 | -5/Cetus | Allies destroyed Cetus Guard 24283 | -5/Cetus | Allies destroyed Cetus Guard 24285 | -5/Cetus | Allies destroyed Cetus Guard 24348 | -5/Cetus | Escorted A7 to Cetus Mainframe 24354 | -5/Cetus | Started Cetus Manufacturing Module 24357 | -5/Cetus | Discovered new exit (range 23) 24379 | -5/Cetus | Manufactured an Enhanced Grunt 24383 | -5/Cetus | Spotted Cetus Guard 24383 | -5/Cetus | Spotted Cetus Guard 24390 | -5/Cetus | Spotted Cetus Guard 24396 | -5/Cetus | Allies destroyed Cetus Guard 24396 | -5/Cetus | Spotted Cetus Guard 24397 | -5/Cetus | Allies destroyed Cetus Guard 24404 | -5/Cetus | Manufactured an Enhanced Grunt 24406 | -5/Cetus | Allies destroyed Cetus Guard 24407 | -5/Cetus | Allies destroyed Cetus Guard 24409 | -5/Cetus | Discovered exit to Factory (range 24) 24424 | -5/Cetus | Met Revision 17 24429 | -5/Cetus | Manufactured an Enhanced Grunt 24454 | -5/Cetus | Manufactured an Enhanced Grunt 24479 | -5/Cetus | Manufactured an Enhanced Grunt 24533 | -5/Cetus | Entered Archives 24533 | -5/Archives | Accompanied by 20 allies (A7) 24538 | -5/Archives | Received a hacking code to weaken MAIN.C 24556 | -5/Archives | Murdered *DW-4LL 2.0 24556 | -5/Archives | Destroyed *DW-4LL 2.0 24561 | -5/Archives | Identified DW-4LL's Griptreads 24572 | -5/Archives | Identified DW-4LL's Blast Wall 24578 | -5/Archives | Identified Exp. Armor Integrity Analyzer 24630 | -5/Archives | Found Lrg. Botcube 24688 | -5/Archives | Met Zhirov 24688 | -5/Archives | Discovered new exit (range 23) 24694 | -5/Archives | Reinforcements dispatched to Archives 24698 | -5/Archives | Discovered new exit (range 20) 24703 | -5/Archives | Read partially decrypted archive contents 24703 | -5/Archives | Read partially decrypted archive contents 24739 | -5/Archives | Reinforcements dispatched to Archives 24747 | -5/Archives | Entered Hub_04(d) 24747 | -5/Hub_04(d) | Accompanied by 4 allies 24786 | -5/Hub_04(d) | Discovered exit to Factory (range 22) 24899 | -5/Hub_04(d) | Lost 4 allies 24899 | -5/Hub_04(d) | Discovered exit to Factory (range 11) 25047 | -5/Hub_04(d) | First assault squad dispatched 25074 | -5/Hub_04(d) | Network Hub disabled 25139 | -5/Hub_04(d) | Spotted Lightning 25141 | -5/Hub_04(d) | Spotted Lightning 25141 | -5/Hub_04(d) | Spotted Lightning 25143 | -5/Hub_04(d) | Spotted Lightning 25143 | -5/Hub_04(d) | Spotted Lightning 25143 | -5/Hub_04(d) | Spotted Lightning 25182 | -5/Hub_04(d) | System corruption reached 30% 25187 | -5/Hub_04(d) | Destroyed Lightning 25250 | -5/Hub_04(d) | Core integrity fell below 50% 25279 | -5/Hub_04(d) | Lost 8 parts (3n5u) 25295 | -5/Hub_04(d) | Network Hub disabled 25308 | -5/Hub_04(d) | Core integrity fell below 20% 25322 | -5/Hub_04(d) | Entered Factory 25322 | -4/Factory | Evolved 2 slots: Propulsion x1, Utility x1 25389 | -4/Factory | Identified exit to Upper Caves 25477 | -4/Factory | Found Quantum Capacitor 25498 | -4/Factory | Build established: Mutant 25650 | -4/Factory | Garrison activated, responded to threat 26072 | -4/Factory | First assault squad dispatched 26208 | -4/Factory | Lost 4 parts (1p2n1u) 26334 | -4/Factory | Core integrity fell below 50% 26394 | -4/Factory | Core integrity fell below 20% 26427 | -4/Factory | Destroyed by G-67 Veteran with Plasma Rifle Last Messages --------------- 26371_ Acquired 8 matter. 26371_ K-01 Serf collects debris. 26378_ Acquired VTOL Module. 26381_ G-67 Veteran knocked back. 26381_ K-01 Serf collects debris. 26386_ DW-4LL's Megashotty destroyed. 26390_ K-01 Serf collects debris. 26391_ VTOL Module destroyed. 26392_ The unstable cave ceiling collapses. 26393_ K-01 Serf collects debris. 26394_ Destroyed Lgt. Antimatter Reactor. 26394_ Imp. Heat Sink destroyed. 26396_ K-01 Serf collects debris. 26397_ Imp. Heat Sink destroyed. 26398_ U-05 Engineer lays Concrete. 26409_ Adv. Signal Interpreter destroyed. 26415_ ALERT: Potential suspicious activity detected, Programmers report to Factory Zone 6N. 26418_ Connecting with Terminal... Map ----- +----------------------------------------------------+ | ######## #?????# """#?#"" ## """ [# #? | | # " "??????? """#?#G ## # #? | | #"""" ###?????? #?#"" ########### #? | | #??????##+###"" #?????????# ## | | "######?# ## #######???# | | [ | #?# " ## | | * ! ## #?# ##/##/########+##### #? | | % +#### ## #???????????# #? | | # ## #???????????# #? | | """ # ## #??????!????# #? | | """ / ##==! #???????????# #? | | """ #=##==! #???????????# ## | | # ##=!! ! #???????????+ # | | ! # #########???????????# # | | # ##### #???????????????????# # | | ###+### #???# #????????????????#### # | | ? ??? #????????#####? #! | | # ####???###???????? # # | | # #???????????????? # + | | # #???????????????? # # | | """ """ #?[????????????? # # | | # """ """ #??????????????? ! # # | | # """ """ #?????????????? # # | | ##############? # # | | T ""? ""? # # # ## | | # ????""????# = @# + #? | | # ??????????# ; # #? | | # ?????????# """" #!!| # #? | | # "?????????# """" #!!] # #? | | # ""????????# *[ """" #?|] # ## | | #! ""????????# *[ """" #? # | | #%! ??????A#%[[ """" #?? # | | # """ ""????# """"g #?? g g g | | # """ """???# g #??? g # | | # """ """???# ""T"" #??? # | | # ???# """"" #????##### ######## | | # """ """ ###/################### #????# ! | | """ """ #????#/[ | | """ """ #????# | | #????# | | #????# | | #????# "" | | ##########+#############+###########????# "" | | #????????????????????? ?????????????# "" | | #???????????????????# ???????????# "" | | #???????????????????# #??????????#="" | | #???????????????????# #??????????#%[[ | | #???????????????????# #??????????#![ | | #???????????????????# #?????????#"### | | ##+#####??????????????????# #?????????##??? | +----------------------------------------------------+ Best States ------------- Heat Dissipation 71 Energy Generation 27 Energy Capacity 700 Matter Stores 300 Matter Capacity 700 Sight Range 24 Robot Scan Range 16 Terrain Scan Range 24 Terrain Scan Density 10 Additional Mass Support 12 Armor Coverage 4800 Resistance: KI 25 Resistance: EX 75 Resistance: EM 15 Weapon Cycling 30 Evasion (%) 65 Targeting Accuracy 20 Melee Accuracy 8 Target Analysis 6 Core Analysis 6 Armor Integrity Analysis 50 Recoil Reduction 4 Kinecelleration 40 Salvage Targeting 4 Offensive Hacking 32 Defensive Hacking 10 Authchip Count 3 Trap Extractor Capacity 6 Item Schematics ----------------- Hcp. Storage Unit | -10/Materials | Hacked Imp. Trap Extractor | -9/Materials | Scanalyzed Med. Storage Unit | -9/Materials | Scanalyzed Ovr. Railgun | -6/Factory | Scanalyzed CPS Tube | -6/Factory | Scanalyzed Adv. Weapon Cycler | -6/Factory | Downloaded Q-thruster | -6/Factory | Scanalyzed Plasma Sword | -6/Factory | Hacked F-cell Engine | -6/Factory | Scanalyzed Biomechanical Wings | -6/Factory | Scanalyzed System Restoration Module | -6/Factory | Hacked Weapon Mount | -6/Factory | Scanalyzed Tactical Coordination Suite | -6/Zion | Free Hvy. Battle Rifle | -6/Zion | Free Flamer | -6/Zion | Free Battle Cannon | -6/Zion | Free Riot Gun | -6/Zion | Free Hvy. Plasma Cannon | -6/Zion | Archive Imp. Weapon Cycler | -6/Zion | Archive Imp. Trap Scanner | -6/Zion | Archive Imp. Plasma Cutter | -6/Zion | Archive Phase Cannon | -6/Zion | Archive Adv. Drone Bay | -6/Zion | Archive Adv. Terrain Scanner | -6/Zion | Archive Adv. Cryofiber Web | -6/Zion | Archive Imp. Force Field | -6/Zion | Archive Imp. Shock Absorption System | -6/Zion | Archive Imp. Dynamic Insulation System | -6/Zion | Archive Fission Core | -6/Zion | Archive Thermal Shield | -6/Zion | Archive Variable Charge Gun | -6/Zion | Archive Enh. Coil Gun | -5/Factory | Scanalyzed Robot Schematics ------------------ M-13 Machinist | -9/Recycling | Hacked H-66 Slayer | -6/Factory | Hacked G-47 Trooper | -6/Zion | Archive S-27 Virus | -6/Zion | Archive L-41 Fighter | -6/Zion | Archive L-61 Swordsman | -6/Zion | Archive Fabricated ------------ Q-thruster | x2 | -6/Factory | Authchip Q-thruster | x2 | -5/Factory | Authchip Ovr. Railgun | x1 | -5/Factory | Authchip Ovr. Railgun | x1 | -5/Factory | Authchip Repaired ---------- Ovr. Railgun | 29% | -5/Factory | Broken Studied --------- Hvy. Flail | -6/Factory | Hacked Nuclear Pulse Thruster | -6/Factory | Hacked Lgt. Fission Core | -6/Factory | Hacked Hvy. Rocket Launcher | -6/Factory | Hacked Q-thruster | -5/Factory | Hacked Alien Tech Used ----------------- None Achievements -------------- None Challenges ------------ None Game ------ Seed TrackerThrusterSuit Manual? 0 Play Time 05:10:00 Cumulative 1075.1 hours Start 2026.09.05 @ 18:46:26 End 2026.09.06 @ 19:52:56 Sessions 3 Manual Loads 0 Difficulty Rogue Special Mode None Game No. 297 Rogue 297 Adventurer 0 Explorer 0 Win Type - Total 49 Types 14/11/12/2/2/0/4/1/1/2 Lore% 97 Gallery% 91 Achievement% 87 Wizard Run 0 Options --------- Layout 1 ASCII 0 Keyboard 0 Movement Mouse Keybinds 0 Fullscreen 2 Font 32/SmallcapsGlow Map View 50x35 Zoom Use 0% Tactical HUD 1 Map Filters NONE Filters NONE Steam 1 RUN: 90c56d92-0076-4313-9e6d-d1226d321d9b